 Dungeon Crawl Stone Soup version 0.27-a0-1595-g0b823d0a13 (webtiles) character file.

Game seed: 4998899214652086106

1136 Sin92 the Skirmisher (level 8, 0/61 HPs)
             Began as a Demonspawn Fighter on July 20, 2021.
             Was an Initiate of Okawaru.
             Succumbed to a gnoll's poison
             ... on level 6 of the Dungeon.
             The game lasted 00:08:01 (6504 turns).

Sin92 the Skirmisher (Demonspawn Fighter)           Turns: 6504, Time: 00:08:02

Health: 0/61       AC: 19    Str: 21    XL:     8   Next: 14%
Magic:  8/8        EV:  7    Int:  9    God:    Okawaru [......]
Gold:   303        SH: 11    Dex: 19    Spells: 7/7 levels left

rFire    . . .     SeeInvis .   g - +8 mace of Dokko {freeze, +Rage rC- rCorr}
rCold    x . .     Faith    .   c - +1 kite shield
rNeg     . . .     Spirit   .   u - +0 chain mail
rPois    .         Reflect  .   (no helmet)
rElec    .         Harm     .   (no cloak)
rCorr    +         Rampage  .   (no gloves)
Will     .....                  (no boots)
Stlth    ..........             n - amulet of magic regeneration
HPRegen  0.20/turn              d - +4 ring of protection
MPRegen  0.36/turn              k - +6 ring of dexterity

@: lethally poisoned (0 -> -9), marked, sanguine armoured, flying, very slightly
contaminated, invisible
A: talons 1, powered by death 1, sanguine armour 1, demonic magic 2, strong 1,
wild magic 1
a: Renounce Religion, Evoke Berserk Rage


You were on level 6 of the Dungeon.
You worshipped Okawaru.
Okawaru was noncommittal.
You visited 2 branches of the dungeon, and saw 7 of its levels.
You also visited: Sewer.

You collected 303 gold pieces.

Inventory:

Hand Weapons
 a - a +0 long sword
 g - the +8 mace of Dokko (weapon) {freeze, +Rage rC- rCorr}
   (You took it off a goblin on level 4 of the Dungeon)

   It freezes those it strikes, dealing additional cold damage.
   It can also slow down cold-blooded creatures.
   rC:        It makes you vulnerable to cold.
   +Rage:     It lets you go berserk.
   rCorr:     It protects you from acid and corrosion.
Missiles
 l - 8 curare-tipped darts (quivered)
Armour
 b - a +0 scale mail
 c - a +1 kite shield (worn)
 u - a +0 chain mail (worn)
Jewellery
 d - a +4 ring of protection (left hand)
 k - a +6 ring of dexterity (right hand)
 n - an amulet of magic regeneration (around neck)
 q - a ring of resist corrosion
Wands
 s - a wand of flame (14)
Scrolls
 e - a scroll of holy word
 i - a scroll of immolation
 p - 3 scrolls of identify
Potions
 f - 3 potions of might
 j - 2 potions of brilliance
 o - 2 potions of magic


   Skills:
 + Level 4.8 Fighting
 - Level 3.5 Long Blades
 * Level 3.8 Maces & Flails
 + Level 4.4 Armour
 + Level 3.2 Dodging
 + Level 4.3 Shields
 + Level 1.2 Invocations


You had 7 spell levels left.
You didn't know any spells.
Your spell library contained the following spells:

 Spells                   Type           Power      Damage    Failure   Level
 Foxfire                  Conj/Fire      0%         2x1d4     100%        1
 Corpse Rot               Necr/Air       N/A        N/A       100%        2
 Slow                     Hex            0%         N/A       100%        2
 Confusing Touch          Hex            0%         N/A       100%        3
 Conjure Flame            Conj/Fire      0%         6-21      100%        3
 Inner Flame              Hex/Fire       0%         N/A       100%        3
 Stone Arrow              Conj/Erth      0%         3d7       100%        3
 Animate Armour           Summ/Erth      0%         N/A       100%        4
 Dispel Undead            Necr           0%         3d6       100%        4
 Yara's Violent Unravell  Hex/Tmut       0%         3d3       100%        5
 Death Channel            Necr           0%         N/A       100%        6
 Lehudib's Crystal Spear  Conj/Erth      0%         10d2      100%        8


Dungeon Overview and Level Annotations

Branches:
Dungeon (6/15)             Temple (1/1) D:5           Sewer (visited)

Altars:
Ashenzari
Cheibriados
Dithmenos
Elyvilon
Fedhas
Gozag
Hepliaklqana
Kikubaaqudgha
Makhleb
Nemelex Xobeh
Okawaru
Qazlal
Ru
Sif Muna
Uskayaw
Vehumet
Wu Jian
Xom
Yredelemnul
Zin
The Shining One


Innate Abilities, Weirdness & Mutations

You have sharp toenails.
You regenerate a little health from kills.
When seriously injured, your bleeding wounds create armour. (AC +6)
Spells you cast may paralyse nearby enemies.
Your muscles are strong. (Str +2)
Your spells are a little harder to cast, but a little more powerful.


Message History

As you read the scroll of teleportation, it crumbles to dust.
You feel strangely unstable.
* * * LOW HITPOINT WARNING * * *
You feel extremely sick.
You block the centaur skeleton's attack.
The centaur skeleton kicks you but does no damage.
You block the scorpion's attack. You block the gnoll's attack.
The centaur skeleton barely misses you.
The centaur skeleton kicks you but does no damage.
The scorpion barely misses you.
It was a potion of invisibility.
You fade into invisibility!
* * * LOW HITPOINT WARNING * * *
You feel very sick.
The centaur wields a +0 shortbow.
The centaur shoots an arrow.
The arrow closely misses the scorpion.
The arrow hits you but does no damage.
The centaur skeleton hits you but does no damage.
The centaur skeleton kicks you.
* * * LOW HITPOINT WARNING * * *
A gnoll comes into view. It is wielding a +0 spear.
You block the scorpion's attack.
You are very lightly contaminated with residual magic.
It was a potion of magic.
Magic courses through your body.
Your surroundings suddenly seem different.
* * * LOW HITPOINT WARNING * * *
You feel very sick.
It was a potion of flight.
You feel very buoyant.
You fly up into the air.
* * * LOW HITPOINT WARNING * * *
You feel very sick.
It was a potion of mutation.
You feel extremely strange.
You feel less in control of your magic.
You feel stronger.
* * * LOW HITPOINT WARNING * * *
You feel very sick.
Okay, then.
Okay, then.
Okay, then.
Found a stone staircase leading up.
You die...

# #. ..
..###.#####
........@.#
#########......<
#######


There were no monsters in sight!

Vanquished Creatures
  An ice beast (D:5)
  Purgy (Sewer)
  An ogre (D:4)
  A necrophage (D:5)
  A centaur (D:6)
  5 wights (D:5)
  A howler monkey (D:4)
  2 hounds
  A bullfrog skeleton (D:4)
  3 iguanas (D:5)
  An orc wizard (D:2)
  A howler monkey zombie (D:5)
  9 adders
  3 river rats (D:5)
  A shadow imp (D:5)
  A worm (D:2)
  3 dart slugs
  12 orcs
  7 ball pythons
  5 endoplasms
  8 giant cockroaches
  9 goblins
  8 hobgoblins
  19 jackals
  15 kobolds
  3 quokkas (D:3)
  3 bats
  4 frilled lizards
  8 rats
137 creatures vanquished.

Notes
Turn   | Place    | Note
-------+----------+-------------------------------------------
     0 | D:1      | Sin92 the Demonspawn Fighter began the quest for the Orb.
     0 | D:1      | Reached XP level 1. HP: 18/18 MP: 1/1
   155 | D:1      | Gained mutation: Spells you cast may paralyse adjacent
                  | enemies. [demonic ancestry]
   155 | D:1      | Reached XP level 2. HP: 23/24 MP: 2/2
   235 | D:1      | Found a faded altar of an unknown god.
   721 | D:1      | Reached XP level 3. HP: 3/29 MP: 3/3
  1364 | D:2      | Reached skill level 1 in Dodging
  1763 | D:2      | Gained mutation: When seriously injured, your bleeding
                  | wounds create armour. (AC +6) [demonic ancestry]
  1763 | D:2      | Reached XP level 4. HP: 35/35 MP: 4/4
  2990 | D:3      | Gained mutation: You have sharp toenails. [demonic
                  | ancestry]
  2990 | D:3      | Reached XP level 5. HP: 33/41 MP: 5/5
  3738 | D:4      | Identified the +8 mace of Dokko {freeze, +Rage rC- rCorr}
  3879 | D:4      | Noticed an ogre
  3930 | D:4      | Killed an ogre
  3931 | D:4      | Reached skill level 1 in Maces & Flails
  3931 | D:4      | Gained mutation: You regenerate a little health from kills.
                  | [demonic ancestry]
  3931 | D:4      | Reached XP level 6. HP: 26/48 MP: 6/6
  4460 | D:5      | Entered Level 5 of the Dungeon
  4491 | D:5      | Reached XP level 7. HP: 44/54 MP: 7/7
  4555 | D:5      | Found a glowing drain.
  4561 | Sewer    | Entered a sewer
  4619 | Sewer    | Noticed Purgy
  4624 | Sewer    | Killed Purgy
  4786 | D:4      | HP: 2/55 [poisoned by a wight]
  5295 | D:5      | Found a staircase to the Ecumenical Temple.
  5411 | Temple   | Entered the Ecumenical Temple
  6028 | D:5      | Found an ancient bone altar of Kikubaaqudgha.
  6028 | D:5      | Found a faded altar of an unknown god.
  6036 | D:5      | Found an iron altar of Okawaru.
  6039 | D:5      | Found a shadowy altar of Dithmenos.
  6041 | D:5      | Found a faded altar of an unknown god.
  6046 | D:5      | Became a worshipper of Warmaster Okawaru
  6101 | D:5      | Gained mutation: Spells you cast may paralyse nearby
                  | enemies. [demonic ancestry]
  6101 | D:5      | Reached XP level 8. HP: 61/61 MP: 8/8
  6470 | D:6      | Reached skill level 1 in Invocations
  6503 | D:6      | Gained mutation: Your spells are a little harder to cast,
                  | but a little more powerful. [potion of mutation]
  6503 | D:6      | Gained mutation: Your muscles are strong. (Str +2) [potion
                  | of mutation]
  6503 | D:6      | HP: 1/61 [poisoned by a gnoll]
  6504 | D:6      | Succumbed to a gnoll's poison

Illustrated notes

Levels and vault maps discovered:
D:1:      scummos_arrival_forest, layout_basic, chequers_ecumenical_altar_grove
D:2:      layout_basic, basic_altar
D:3:      layout_loops_ring
D:4:      layout_loops_ring
D:5:      layout_cave_pools, chequers_temple_overflow_minitemple,
          minmay_temple_entry_overgrown, lightli_sewer_entry_pipes,
          minmay_misc_feat_more_columns, grunt_decor_mini_mirrors
D:6:      layout_loops_ring, uniq_blork_the_orc, uniq_eustachio
Temple:   dpeg_five_rooms_temple

Skill      XL: |  1  2  3  4  5  6  7  8 |
---------------+-------------------------+-----
Long Blades    | 2 3 |  3.5
Armour         | 3 4 |  4.4
Dodging        | 1 2 3 |  3.2
Shields        | 3 4 |  4.3
Maces & Flails | 1 2 3 |  3.8
Fighting       | 4 |  4.8
Invocations    | 1 |  1.2

Action                   |  1- 3 |  4- 6 |  7- 9 || total
-------------------------+-------+-------+-------++-------
Melee: Long sword        |   148 |   148 |       ||   296
       Kick              |       |    24 |    20 ||    44
       Mace              |       |    44 |    81 ||   125
  Use: Scroll            |       |     6 |     4 ||    10
       Potion            |       |     2 |     4 ||     6
Armor: Scale mail        |   109 |   100 |    27 ||   236
       Chain mail        |       |       |    24 ||    24
Dodge: Dodged            |    49 |    64 |    43 ||   156
Block: Kite shield       |    91 |   130 |    64 ||   285
       Rpst.: Long sword |     8 |    18 |       ||    26

Table legend: (Time is in decaauts)
 A = Elapsed time spent in this place.
 B = Non-inter-level travel time spent in this place.
 C = Inter-level travel time spent in this place.
 D = Time resting spent in this place.
 E = Time spent auto-exploring this place.
 F = Levels seen in this place.
 G = Mean time per level.
                   A        B        C        D        E       F      G
               +--------+--------+--------+--------+--------+-----+--------+
         Total |   6756 |   6557 |    199 |   1067 |   4206 |   8 |  844.5 |
       Dungeon |   6210 |   6059 |    151 |   1067 |   3757 |   6 | 1035.0 |
        Temple |    368 |    320 |     48 |      0 |    319 |   1 |  368.0 |
         Sewer |    177 |    177 |      0 |      0 |    130 |   1 |  177.0 |
               +--------+--------+--------+--------+--------+-----+--------+

Top non-repeatable levels by time:
     D:2: 1317 daAuts
     D:1: 1284 daAuts
     D:4: 1254 daAuts
     D:3: 1168 daAuts
     D:5: 1109 daAuts
  Temple: 368 daAuts
   Sewer: 177 daAuts
     D:6: 76 daAuts
